 Dungeon Crawl Stone Soup version 0.29-a0-495-g17b79114eb (webtiles) character file.

Game seed: 12214891936391985130

29 grumblor the Skirmisher (level 3, 0/20 HPs)
             Began as a Vine Stalker Fighter on May 27, 2022.
             Slain by a gnoll
             ... wielding a +0 spear
              (1 damage)
             ... on level 2 of the Dungeon.
             The game lasted 00:04:15 (1105 turns).

grumblor the Skirmisher (Vine Stalker Fighter)      Turns: 1105, Time: 00:04:15

Health: 0/20       AC: 16    Str: 20    XL:     3   Next: 16%
Magic:  0/4        EV:  9    Int:  8    God:
Gold:   70         SH:  4    Dex: 13    Spells: 2/2 levels left

rFire   . . .      SeeInvis .   a - +0 war axe (protect)
rCold   . . .      Faith    .   c - +0 buckler
rNeg    . . .      Spirit   +   b - +0 scale mail
rPois   .          Reflect  .   (no helmet)
rElec   .          Harm     .   k - +2 cloak
rCorr   .          Rampage  .   (no gloves)
Will    .....                   (no boots)
Stlth   ..........              (no amulet)
HPRegen 0.06/turn               (no ring)
MPRegen 0.09/turn               (no ring)

@: under a protective aura
A: fangs 2, magic shield, antimagic bite, no potion heal 2
a: no special abilities


You were on level 2 of the Dungeon.
You visited 1 branch of the dungeon, and saw 2 of its levels.

You collected 70 gold pieces.

Inventory:

Hand Weapons
 a - a +0 war axe of protection (weapon)
Armour
 b - a +0 scale mail (worn)
 c - a +0 buckler (worn)
 k - a +2 cloak (worn)
Scrolls
 i - 2 scrolls of identify
Potions
 d - a potion of might
 g - 2 potions of mutation


   Skills:
 + Level 3.0 Fighting
 + Level 2.0 Axes
 + Level 2.6 Armour
 * Level 0.8 Dodging
 + Level 3.0 Shields


You had 2 spell levels left.
You didn't know any spells.
Your spell library was empty.

Dungeon Overview and Level Annotations

Branches:
Dungeon (2/15)

Altars:


Innate Abilities, Weirdness & Mutations

You have extremely sharp teeth.
When hurt, damage is shared between your health and your magic reserves.
Your bite disrupts and absorbs the magic of your enemies.
Potions cannot restore your health.


Message History

There are monsters nearby!
A gnoll comes into view. It is wielding a +0 spear.
The gnoll shouts! x2
The kobold closely misses you.
The gnoll moves out of view.
There are monsters nearby!
You barely miss the kobold. Your bite misses the kobold.
The gnoll closely misses you. The kobold hits you but does no damage.
There are monsters nearby!
The kobold attacks as you move away! The kobold barely misses you.
The kobold attacks as you move away!
The kobold hits you with a +0 short sword.
Found a spear.
You slash the kobold!
Your weapon exudes an aura of protection.
You kill the kobold!
The gnoll misses you.
Your Shields skill increases to level 3!
Unknown command.
Unknown command.
The gnoll hits you but does no damage.
Things that are here:
a +0 short sword; a kobold corpse You closely miss the gnoll.
Your bite misses the gnoll. You hit the gnoll.
The gnoll hits you from afar with a +0 halberd.
The gnoll hits you but does no damage. The gnoll closely misses you.
The gnoll hits you but does no damage.
The gnoll hits you from afar with a +0 halberd.
The gnoll closely misses you.
Unknown command.
The gnoll attacks as you move away! The gnoll hits you with a +0 spear.
* * * LOW HITPOINT WARNING * * *
The gnoll hits you but does no damage. The gnoll barely misses you.
The gnoll closely misses you.
You hit the gnoll.
The gnoll is lightly wounded.
You closely miss the gnoll. You hit the gnoll. The gnoll barely misses you.
The gnoll hits you with a +0 halberd.
* * * LOW HITPOINT WARNING * * *
The gnoll hits you from afar with a +0 spear.
You die...

....#..............≈≈≈≈
#..#..................
#.....................
######...........#.........
.................##........
#..........................
#.........g...............♣
.........gg).........#.....
.........g@..........†.†...
...''#.##....#...###.#.#.##
...# #. ####.#..)# #.#.#.##
.. #. #.#...# #....... . #.
#.#...# ###.#..# #. #.#...#
#####..# ..
)............... .#.#.
##.####.. .....>


You could see 4 gnolls.

Vanquished Creatures
  A worm (D:2)
  2 dart slugs
  A ball python (D:2)
  4 bats
  An endoplasm (D:1)
  2 giant cockroaches
  3 hobgoblins (D:1)
  2 kobolds
  4 rats
20 creatures vanquished.

Notes
Turn   | Place    | Note
-------+----------+-------------------------------------------
     0 | D:1      | grumblor the Vine Stalker Fighter began the quest for the
                  | Orb.
     0 | D:1      | Reached XP level 1. HP: 11/11 MP: 2/2
   215 | D:1      | Reached XP level 2. HP: 12/16 MP: 3/3
  1075 | D:2      | Reached XP level 3. HP: 20/20 MP: 4/4
  1105 | D:2      | HP: 1/20 [gnoll/+0 halberd (4)]
  1105 | D:2      | Slain by a gnoll

Illustrated notes

Levels and vault maps discovered:
D:1:      dpeg_arrival_rooms_b, layout_loops_ring, hangedman_glass_teeth
D:2:      layout_basic, kennysheep_decorative_pillar, minivault_26,
          chequers_serial_rivers_micro_a

Skill      XL: |  1  2  3 |
---------------+----------+-----
Axes           | 2 |  2.0
Fighting       | 3 |  3.0
Shields        | 3 |  3.0
Armour         | |  2.6
Dodging        | |  0.8

Action                   || total
-------------------------++-------
Melee: War axe           ||    53
       Bite              ||     9
  Use: Scroll            ||     6
Armor: Scale mail        ||    30
Dodge: Dodged            ||    47
Block: Buckler           ||    15

Table legend: (Time is in decaauts)
 A = Elapsed time spent in this place.
 B = Non-inter-level travel time spent in this place.
 C = Inter-level travel time spent in this place.
 D = Time resting spent in this place.
 E = Time spent auto-exploring this place.
 F = Levels seen in this place.
 G = Mean time per level.
                   A        B        C        D        E       F      G
               +--------+--------+--------+--------+--------+-----+--------+
         Total |   1127 |   1086 |     41 |      0 |    903 |   2 |  563.5 |
       Dungeon |   1127 |   1086 |     41 |      0 |    903 |   2 |  563.5 |
               +--------+--------+--------+--------+--------+-----+--------+

Top non-repeatable levels by time:
     D:1: 955 daAuts
     D:2: 172 daAuts
